Map: Thunderbird LE

Players

MarineLorD

  • Race: Terran Terran
  • League: Master
  • Spawn Location: 11:00

Kelazhur - Winner!

  • Race: Terran Terran
  • League: Master
  • Spawn Location: 5:00

Event: HomeStory Cup XX

VOD

Have the link to the VOD?

Description

Time

  • Played on: Nov. 22, 2019, 2:43 p.m.
  • Length: 23:27

All games in this series

Show
View Real Time Build Order
Export as new Build Order

MarineLorD Terran 

Build Orders: Gas First Reaper Expand 

Get SALT Encoding   

  12  0:00  SCV  
  13  0:12  SCV  
  14  0:17  Supply Depot  
  14  0:24  SCV  
  15  0:31  Refinery  
  15  0:38  SCV  
  16  0:44  Barracks  
  16  0:50  SCV  
  17  1:02  SCV  
  18  1:14  SCV  
  19  1:30  Reaper  
  19  1:31  Orbital Command  
  20  1:41  Command Center  
  20  1:54  Factory  
  20  1:57  SCV  
  21  2:02  Supply Depot  
  21  2:08  Barracks Reactor  
  21  2:09  SCV  
  22  2:17  Refinery  
  22  2:21  SCV  
  23  2:33  SCV  
  24  2:39  Widow Mine  
  24  2:43  Marine  
  24  2:44  Marine  
  28  2:45  SCV  
  28  2:48  Starport  
  29  2:52  Orbital Command  
  29  2:57  SCV  
  30  3:01  Marine x2, Factory Tech Lab  
  32  3:09  SCV  
  33  3:18  SCV  
  33  3:19  Marine x2, Supply Depot  
  35  3:21  SCV  
  35  3:28  Cyclone  
  35  3:29  Starport Tech Lab  
  35  3:30  SCV  
  35  3:34  Refinery  
  39  3:35  SCV  
  39  3:41  Marine x2  
  42  3:43  SCV  
  42  3:47  SCV  
  39  3:55  SCV  
  39  3:58  Marine x2  
  39  3:59  SCV  
  36  4:08  SCV  
  34  4:11  SCV  
  35  4:19  Marine x2  
  35  4:20  SCV  
  35  4:24  SCV  
  28  4:32  SCV  
  28  4:36  SCV  
  30  4:43  Raven  
  30  4:44  SCV  
  32  4:48  SCV  
  32  4:51  Siege Tank  
  36  4:56  SCV  
  37  5:00  SCV  
  37  5:02  Marine x2  
  37  5:06  Supply Depot  
  40  5:08  SCV  
  40  5:12  SCV  
  42  5:18  Supply Depot  
  42  5:20  SCV  
  43  5:23  Siege Tank  
  43  5:24  SCV  
  47  5:32  SCV  
  48  5:36  SCV  
  48  5:38  Raven  
  51  5:44  SCV  
  51  5:48  SCV  
  53  5:54  Marine, Command Center  
  53  5:56  SCV  
  53  6:00  SCV  
  53  6:02  Siege Tank  
  57  6:09  SCV  
  58  6:12  SCV  
  58  6:14  Supply Depot  
  59  6:21  SCV  
  59  6:25  Marine, SCV  
  62  6:29  Viking x2  
  66  6:33  SCV  
  66  6:34  Siege Tank  
  66  6:37  Supply Depot, SCV  
  71  6:45  SCV  
  70  6:49  SCV  
  63  6:57  SCV  
  63  6:59  Viking  
  63  7:00  Viking  
  63  7:01  SCV  
  69  7:02  Refinery  
  69  7:05  Orbital Command  
  69  7:06  Siege Tank  
  72  7:09  Marine, SCV  
  72  7:13  SCV  
  75  7:21  SCV  
  76  7:25  SCV  
  76  7:29  Marine, Viking  
  80  7:30  Viking  
  80  7:32  SCV  
  80  7:33  SCV  
  80  7:34  Refinery x2  
  80  7:35  Supply Depot  
  80  7:36  Supply Depot  
  84  7:37  SCV  
  84  7:39  Siege Tank  
  88  7:44  SCV  
  88  7:45  SCV  
  88  7:46  Supply Depot  
  88  7:49  SCV  
  91  7:56  SCV  
  91  7:57  SCV  
  92  7:58  Supply Depot  
  92  7:59  Viking  
  92  8:00  Viking  
  92  8:01  SCV  
  97  8:08  SCV  
  97  8:10  SCV  
  97  8:13  SCV  
  90  8:20  SCV  
  90  8:22  SCV  
  90  8:25  SCV  
  91  8:29  Viking, Armory  
  91  8:30  Viking, Armory  
  91  8:32  Engineering Bay  
  91  8:33  SCV  
  91  8:34  SCV  
  97  8:37  Siege Tank  
  97  8:41  Liberator, SCV  
  101  8:42  Factory  
  101  8:43  Liberator  
  101  8:44  Factory  
  101  8:45  SCV  
  101  8:46  Barracks Reactor, SCV  
  103  8:53  SCV  
  104  8:56  Supply Depot  
  104  8:57  SCV  
  104  8:58  SCV  
  112  9:05  SCV  
  112  9:09  Siege Tank, SCV  
  117  9:10  SCV  
  117  9:11  Supply Depot  
  117  9:12  Supply Depot  
  117  9:14  Missile Turret  
  118  9:18  Missile Turret  
  118  9:19  Missile Turret, SCV  
  118  9:20  Sensor Tower  
  118  9:21  SCV  
  118  9:22  SCV  
  121  9:25  Terran Vehicle Weapons Level 1  
  121  9:26  Terran Vehicle And Ship Armor Level 1  
  120  9:32  SCV  
  120  9:34  SCV  
  120  9:40  SCV  
  121  9:50  Hellion x2, Medivac x2, Command Center, Infernal Pre-Igniter  
  129  9:55  Hellion x2  
  129  9:56  Factory  
  129  9:57  Factory  
  133  10:02  Missile Turret  
  133  10:03  SCV  
  133  10:04  Supply Depot x2, SCV x2  
  133  10:05  Supply Depot  
  136  10:11  Siege Tank x2  
  142  10:15  Missile Turret  
  142  10:16  SCV x2  
  142  10:17  Hellion  
  146  10:23  Hellion  
  146  10:25  SCV  
  150  10:30  Viking x2  
  155  10:41  Factory Tech Lab, Factory Reactor  
  153  10:43  Hellion, Siege Tank x2  
  153  10:44  Hellion  
  163  10:58  Command Center  
  163  10:59  Command Center  
  163  11:00  Viking  
  165  11:07  Missile Turret  
  165  11:08  Missile Turret  
  163  11:16  Siege Tank x3  
  164  11:27  Hellion x3  
  164  11:28  Hellion  
  172  11:36  Terran Vehicle And Ship Armor Level 2  
  172  11:37  Refinery, Terran Vehicle Weapons Level 2  
  172  11:40  Supply Depot  
  172  11:42  Refinery  
  172  11:47  Viking  
  172  11:48  Viking  
  179  11:56  Planetary Fortress  
  179  12:00  Thor  
  182  12:05  Command Center  
  179  12:09  Command Center  
  179  12:14  Sensor Tower, Missile Turret  
  176  12:28  Viking  
  176  12:29  Viking  
  162  12:37  Thor x2  
  160  12:51  Missile Turret x2  
  156  12:58  Viking x2  
  156  13:01  Hellion x5  
  156  13:03  Refinery  
  154  13:06  Refinery  
  154  13:07  Planetary Fortress  
  154  13:11  Missile Turret  
  154  13:13  Missile Turret  
  154  13:14  Orbital Command  
  154  13:16  Thor  
  154  13:19  Thor  
  166  13:27  Hellion x3  
  166  13:28  Hellion  
  166  13:29  Orbital Command  
  174  13:36  Sensor Tower  
  174  13:43  Viking x2  
  169  14:00  Thor x2  
  181  14:08  Thor  
  187  14:10  Terran Vehicle And Ship Armor Level 3, Terran Vehicle Weapons Level 3  
  187  14:13  Viking x2  
  187  14:19  Command Center  
  187  14:29  Command Center  
  187  14:34  Starport  
  187  14:43  Viking x2  
  177  14:52  Thor x2  
  158  14:53  Thor  
  168  15:02  Starport, Hellion x4  
  168  15:05  Starport  
  176  15:12  Command Center  
  165  15:23  Hellion x2  
  165  15:24  Hellion  
  165  15:25  Viking  
  165  15:26  Viking  
  151  15:30  Hellion  
  154  15:35  Siege Tank  
  154  15:38  Liberator  
  156  15:55  Starport Reactor  
  156  15:56  Starport Reactor x2  
  156  16:02  Refinery  
  156  16:04  Viking  
  154  16:12  SCV x5  
  154  16:13  Refinery  
  154  16:18  Planetary Fortress, SCV x2  
  159  16:21  Missile Turret x2, Siege Tank x3  
  159  16:24  Hellion x3  
  169  16:42  SCV x2  
  169  16:46  Missile Turret  
  169  16:47  Terran Ship Weapons Level 1  
  169  16:48  Viking x4  
  169  16:53  Siege Tank  
  180  16:55  Siege Tank  
  180  16:56  Siege Tank  
  186  17:08  Viking x3  
  173  17:33  Thor x3  
  173  17:35  Hellion x2  
  180  17:38  Viking x2  
  180  17:40  Planetary Fortress  
  180  17:42  SCV  
  185  17:45  SCV  
  185  17:47  SCV  
  185  17:48  SCV  
  184  17:52  SCV  
  184  17:54  SCV x2  
  184  17:55  SCV  
  183  18:00  Liberator, SCV  
  183  18:01  SCV x4  
  183  18:04  SCV  
  189  18:10  Viking x2  
  193  18:13  SCV  
  193  18:15  SCV x2  
  192  18:36  Missile Turret  
  192  18:39  Viking x4  
  200  18:42  Liberator x2  
  178  18:52  Thor x2  
  178  18:53  Siege Tank  
  178  18:55  Hellion x4  
  139  19:07  SCV x2  
  139  19:08  SCV x2  
  143  19:16  Missile Turret  
  148  19:24  Hellion x4  
  148  19:26  Siege Tank  
  148  19:28  Liberator x2  
  146  19:35  Hellion  
  140  19:45  Hellion x2, Siege Tank  
  142  19:46  Viking x3  
  154  19:56  Siege Tank  
  154  19:58  Viking, Siege Tank  
  154  19:59  Viking x2  
  166  20:11  SCV x2  
  168  20:14  SCV x6  
  168  20:15  SCV  
  175  20:21  Siege Tank  
  178  20:29  Siege Tank  
  172  20:39  Liberator x3  
  163  20:43  Liberator x3  
  163  20:46  Siege Tank  
  166  20:54  Siege Tank  
  162  21:04  SCV x4  
  163  21:05  SCV  
  163  21:09  SCV  
  158  21:19  Orbital Command  
  158  21:20  Hellion  
  158  21:21  Hellion, Siege Tank  
  158  21:22  Hellion x2  
  168  21:30  Missile Turret  
  167  21:38  Missile Turret  
  167  21:39  Missile Turret, SCV x2  
  169  21:41  SCV  
  169  21:44  SCV  
  168  21:47  Missile Turret, SCV  
  171  22:02  SCV  
  171  22:03  SCV  
  171  22:05  SCV  
  172  22:09  Viking x3  
  172  22:13  SCV  
  172  22:14  SCV  
  158  22:18  SCV x2  
  158  22:21  Viking  
  160  22:25  SCV x4  
  160  22:29  Viking  
  159  22:37  SCV x2  
  159  22:42  Viking  
  160  22:48  Viking  
Show
View Real Time Build Order
Export as new Build Order

Kelazhur Terran - Winner!

Build Orders: 1/1/1 

Get SALT Encoding   

  12  0:00  SCV  
  13  0:12  SCV  
  14  0:17  Supply Depot  
  14  0:25  SCV  
  15  0:28  Refinery  
  15  0:39  SCV  
  16  0:45  Barracks  
  16  0:51  SCV  
  16  0:55  Refinery  
  17  1:03  SCV  
  18  1:15  SCV  
  19  1:31  Orbital Command  
  19  1:32  Factory  
  19  1:35  Barracks Reactor  
  19  1:48  Supply Depot  
  19  1:57  SCV  
  20  2:09  SCV  
  20  2:11  Reaper x2  
  23  2:16  Starport  
  23  2:17  Hellion  
  23  2:21  SCV  
  26  2:26  Supply Depot  
  26  2:35  SCV  
  27  2:38  Hellion  
  27  2:43  Marine x2  
  31  2:50  SCV  
  32  2:53  Medivac  
  34  3:01  Hellion, Marine x2  
  38  3:22  Marine x2  
  39  3:29  Starport Tech Lab, Factory Tech Lab  
  39  3:39  Command Center  
  39  3:48  SCV  
  39  4:00  Marine, SCV  
  39  4:04  Supply Depot  
  39  4:15  Marine  
  38  4:20  Marine  
  38  4:24  SCV  
  39  4:26  Cyclone, Raven  
  39  4:27  Supply Depot  
  41  4:33  Marine  
  41  4:36  SCV  
  41  4:37  Marine  
  40  4:48  Refinery, SCV  
  40  4:51  Orbital Command  
  41  4:53  Marine  
  41  4:55  Marine  
  41  4:58  Siege Tank  
  45  5:00  SCV  
  45  5:10  Raven  
  45  5:12  SCV  
  48  5:15  Marine x2  
  48  5:17  SCV  
  51  5:24  SCV  
  52  5:30  Siege Tank, SCV  
  52  5:33  Marine x2  
  52  5:35  Command Center  
  58  5:38  SCV  
  59  5:46  SCV  
  60  5:50  Marine x2  
  60  5:51  Supply Depot, SCV  
  62  5:58  SCV  
  63  6:05  Barracks  
  63  6:06  Raven  
  63  6:08  Marine x2, Barracks  
  63  6:10  Siege Tank  
  70  6:13  SCV x2  
  72  6:19  Supply Depot  
  72  6:26  SCV x2  
  72  6:27  Marine x2  
  72  6:32  Engineering Bay  
  76  6:38  SCV x2  
  78  6:47  Siege Tank  
  78  6:50  SCV  
  70  6:54  SCV  
  70  6:59  Barracks Reactor  
  68  7:02  Refinery, Orbital Command  
  68  7:03  Marine x2, Starport Reactor  
  68  7:07  Stimpack  
  68  7:08  Marine  
  71  7:10  SCV  
  71  7:11  SCV  
  73  7:19  Siege Tank  
  73  7:22  Marine x2, SCV  
  77  7:24  Terran Infantry Weapons Level 1, SCV  
  77  7:27  Marauder  
  82  7:34  SCV  
  82  7:35  SCV  
  82  7:36  SCV  
  85  7:42  Marine x4  
  89  7:46  Refinery, SCV  
  89  7:47  SCV  
  89  7:48  SCV  
  92  7:53  Marauder  
  92  7:58  SCV  
  95  7:59  Refinery, SCV  
  95  8:00  Viking x2, SCV  
  101  8:10  SCV  
  101  8:11  SCV  
  100  8:14  Marauder  
  97  8:23  Marine x4  
  97  8:25  SCV x2  
  97  8:26  SCV  
  100  8:32  Supply Depot  
  100  8:33  Supply Depot, Armory x2  
  100  8:35  Viking x2  
  100  8:36  Command Center  
  100  8:39  Barracks  
  104  8:41  Barracks  
  104  8:43  Marine  
  104  8:44  Marine x2, Marauder  
  109  8:54  Marine, SCV x3  
  113  8:55  Supply Depot  
  113  8:58  Supply Depot  
  113  9:02  Combat Shield  
  113  9:04  Supply Depot  
  113  9:08  Viking x2  
  117  9:10  Marine  
  117  9:17  SCV x3  
  120  9:19  Marine, Marauder  
  120  9:21  Marine, Supply Depot  
  120  9:22  Marine  
  123  9:41  Marine  
  123  9:42  Marine x5, Marauder  
  125  9:45  Viking x2  
  125  9:48  Terran Ship Weapons Level 1, Terran Vehicle And Ship Armor Level 1  
  125  9:49  Starport  
  125  9:50  Starport  
  129  9:55  SCV x3  
  129  9:56  Planetary Fortress  
  132  10:01  Barracks Tech Lab, Barracks Reactor  
  133  10:07  SCV  
  133  10:12  Marine x4, Marauder  
  133  10:13  Terran Infantry Weapons Level 2  
  139  10:15  SCV x2  
  139  10:17  Supply Depot  
  139  10:18  Viking  
  139  10:19  SCV  
  146  10:21  Marauder  
  146  10:23  Supply Depot  
  145  10:29  Marine  
  145  10:30  Marine  
  145  10:34  Marauder  
  145  10:35  SCV x3  
  149  10:45  Marine  
  149  10:46  Marauder, Refinery x2  
  149  10:47  SCV x3  
  149  10:48  Viking x3  
  161  10:50  Viking  
  163  10:57  Siege Tank  
  163  11:03  Marauder  
  168  11:13  Fusion Core  
  168  11:16  Marine x4  
  168  11:17  Marine x2, Marauder, Missile Turret  
  168  11:18  Viking  
  174  11:24  Marine  
  169  11:26  Starport Reactor x2  
  169  11:27  Viking  
  171  11:41  Supply Depot  
  171  11:49  Terran Ship Weapons Level 2, Terran Vehicle And Ship Armor Level 2  
  171  11:51  Command Center  
  170  11:57  Marauder  
  170  11:58  Marine, Marauder  
  170  12:00  Command Center  
  172  12:05  Marine  
  173  12:11  Liberator  
  173  12:12  Liberator  
  173  12:15  Liberator x2  
  173  12:16  Advanced Ballistics  
  173  12:19  Marauder  
  173  12:21  Starport  
  173  12:22  Starport  
  151  12:32  Viking x2  
  151  12:37  Marine, Marauder  
  157  12:38  Marine  
  157  12:40  Marauder  
  157  12:41  Marine  
  157  12:42  Marine x3  
  165  12:58  Marauder  
  165  13:03  Liberator x5  
  165  13:04  Marauder  
  165  13:07  Planetary Fortress  
  165  13:11  Liberator  
  165  13:12  Starport Tech Lab x2, Marine  
  165  13:14  Marine x2  
  165  13:15  Marine x3  
  171  13:20  Marauder  
  171  13:25  Orbital Command  
  191  13:46  Liberator  
  183  13:48  Marine  
  183  13:49  Marauder  
  183  13:50  Viking x2  
  183  13:54  Marauder, Marine  
  189  14:06  Refinery x2  
  189  14:09  Terran Ship Weapons Level 3, Terran Vehicle And Ship Armor Level 3  
  192  14:10  Marauder  
  192  14:11  Weapon Refit  
  192  14:32  Command Center  
  192  14:33  Command Center  
  192  14:44  Marine, Marauder x2  
  160  14:46  Marine, Siege Tank  
  160  14:49  Marine  
  160  14:51  Liberator x4  
  153  14:54  Marine  
  150  15:06  Marauder x2  
  154  15:08  Viking x2  
  148  15:22  Marine x2  
  148  15:25  Marine  
  148  15:27  Marauder x2, Marine  
  148  15:28  Marine  
  148  15:29  Liberator  
  148  15:33  Battlecruiser  
  142  15:38  Viking  
  136  15:45  Marine x6  
  136  15:48  Marauder x2  
  142  15:55  Liberator  
  142  15:56  Liberator  
  142  16:02  Marine  
  142  16:03  Marine  
  141  16:05  Orbital Command x2  
  141  16:08  Barracks  
  141  16:10  Marauder, Barracks  
  142  16:11  Barracks  
  142  16:12  Battlecruiser  
  142  16:15  Viking  
  142  16:16  Marauder  
  142  16:17  Marine  
  159  16:32  Marine  
  159  16:33  Marauder, Marine  
  159  16:36  Marine  
  159  16:38  Marauder  
  163  16:42  Viking x3  
  163  16:45  Battlecruiser  
  163  16:46  Marine  
  176  16:53  Marine x4  
  180  16:54  Marauder  
  180  16:56  Viking x3  
  188  17:01  Siege Tank  
  191  17:12  Viking  
  193  17:16  Liberator x3  
  193  17:21  Marine, Marauder  
  181  17:32  Marine x5, Marauder  
  157  17:39  Marine  
  157  17:42  Marine  
  153  17:49  Marine  
  153  17:50  Marine  
  153  17:51  Siege Tank, Terran Vehicle Weapons Level 1  
  152  17:52  Marine x3  
  152  17:53  Marine  
  152  17:56  Refinery x2, SCV x2  
  164  17:59  Command Center  
  164  18:04  Hi-Sec Auto Tracking, Missile Turret  
  164  18:05  Missile Turret x2  
  158  18:06  Marine  
  158  18:07  Marine x2  
  161  18:23  Viking  
  161  18:24  Viking x2  
  161  18:25  Marine x8  
  175  18:29  Siege Tank  
  175  18:34  Marine x2  
  177  18:42  Marine, Liberator x2  
  177  18:43  Marine x6, Liberator  
  177  18:44  Marauder  
  181  18:52  Marine  
  167  18:57  Marine  
  167  19:00  Marine  
  167  19:01  Marine x5, Marauder, Terran Infantry Weapons Level 3  
  180  19:06  Marauder  
  182  19:23  Marauder  
  187  19:27  Marauder  
  181  19:42  Marine x3  
  181  19:44  Marauder  
  186  19:45  Siege Tank  
  186  19:48  Marauder  
  186  19:50  Battlecruiser x2  
  197  20:05  Marauder  
  199  20:11  Marine  
  200  20:16  Refinery  
  200  20:17  Refinery  
  196  20:25  Command Center  
  196  20:35  Marine, Marauder  
  190  20:36  SCV  
  182  20:43  Viking x6  
  182  20:45  Marine, Marauder  
  197  20:54  Viking  
  181  21:00  Marauder  
  181  21:03  Liberator x2  
  181  21:04  Marine  
  171  21:07  Marauder, Marine  
  175  21:13  Marine x3  
  175  21:16  Battlecruiser  
  192  21:21  Marauder, Marine  
  192  21:23  Marine  
  194  21:28  Marauder, Siege Tank  
  199  21:37  Orbital Command  
  199  21:38  Command Center  
  199  21:41  Liberator  
  199  21:45  Orbital Command  
  199  21:47  Refinery  
  199  21:56  Refinery  
  180  22:17  Viking x5  
  180  22:18  Viking  
  180  22:19  Marauder x2, Marine x4  
  200  22:52  Orbital Command  
Tags
 
Add a new tag
Caveats
  • Supply blocks, unpowered buildings, or Contaminate may cause inaccurate times.
  • Supply counts are checked every 10 seconds.